 Dungeon Crawl Stone Soup version 0.29.1-1-gd02db6906a (webtiles) character file.

Game seed: 2058549250485783532

120 mtoz the Skirmisher (level 5, 0/37 HPs)
             Began as a Gnoll Wanderer on Sept 19, 2022.
             Was an Initiate of Ru.
             Slain by an orc
             ... wielding a +0 mace of protection
              (6 damage)
             ... on level 3 of the Dungeon on Sept 20, 2022.
             The game lasted 00:19:21 (2403 turns).

mtoz the Skirmisher (Gnoll Wanderer)                Turns: 2403, Time: 00:19:22

Health: 0/37       AC:  7    Str: 16    XL:     5   Next: 4%
Magic:  11/14      EV: 10    Int: 10    God:    Ru [......]
Gold:   140        SH:  0    Dex: 10    Spells: 17/18 levels left

rFire   . . .      SeeInvis .   a - +2 sling
rCold   . . .      Faith    .   g - orb {guile}
rNeg    . . .      Spirit   .   o - +0 ring mail
rPois   .          Reflect  .   k - +1 helmet
rElec   .          Harm     .   (no cloak)
rCorr   .          Rampage  .   (no gloves)
Will    .....                   (no boots)
Stlth   ..........              (no amulet)
HPRegen 0.12/turn               (no ring)
MPRegen 0.14/turn               (no ring)

@: very slightly contaminated
A: fangs 1, no stealth, strong nose, distributed training
a: Renounce Religion


You were on level 3 of the Dungeon.
You worshipped Ru.
Ru was noncommittal.
You visited 1 branch of the dungeon, and saw 3 of its levels.

You collected 195 gold pieces.
You spent 55 gold pieces at shops.

Inventory:

Hand Weapons
 a - a +2 sling (weapon)
 f - a +0 dagger
 r - a +0 flail
 s - a +0 mace
Missiles
 l - 6 poisoned darts
 q - 3 boomerangs
Armour
 d - a +0 leather armour
 e - a +0 chain mail
 g - an orb of guile (worn)
 k - a +1 helmet (worn)
 n - a +1 robe of positive energy
 o - a +0 ring mail (worn)
Scrolls
 h - a scroll of amnesia
 i - a scroll of brand weapon {unknown}
 m - a scroll of noise {unknown}
 p - a scroll of teleportation
 t - a scroll of identify
Potions
 c - 2 potions of curing
 j - 5 potions of mutation {unknown}
Miscellaneous
 b - a piece from Xom's chessboard (15/15)


   Skills:
 + Level 1.4 Fighting
 + Level 1.4 Short Blades
 + Level 1.4 Long Blades
 + Level 1.4 Axes
 + Level 1.4 Maces & Flails
 + Level 1.4 Polearms
 + Level 1.4 Staves
 + Level 8.6 Ranged Weapons
 + Level 1.4 Throwing
 + Level 1.4 Armour
 + Level 1.4 Dodging
   Level 0.0 Stealth
 + Level 1.4 Shields
 + Level 1.4 Unarmed Combat
 + Level 7.2 Spellcasting
 + Level 2.3 Conjurations
 + Level 1.1 Hexes
 + Level 1.1 Summonings
 + Level 1.1 Necromancy
 + Level 1.1 Translocations
 + Level 1.1 Transmutations
 + Level 1.1 Fire Magic
 + Level 1.1 Ice Magic
 + Level 1.1 Air Magic
 + Level 1.1 Earth Magic
 + Level 1.1 Poison Magic
 + Level 1.5 Invocations
 + Level 4.7 Evocations


You had 17 spell levels left.
You knew the following spells:

 Your Spells              Type           Power      Damage    Failure   Level
a - Shock                 Conj/Air       28%        1d4       17%         1

Your spell library contained the following spells:

 Spells                   Type           Power      Damage    Failure   Level
 Dazzling Flash           Conj/Hex       14%        N/A       45%         3


Dungeon Overview and Level Annotations

Branches:
Dungeon (3/15)

Altars:
Ru

Shops:
D:2 *


Innate Abilities, Weirdness & Mutations

You have very sharp teeth.
You cannot be stealthy.
Your uncanny sense of smell can sniff out nearby items.
Your experience applies equally to all skills.


Message History

The orc hits you with a +0 mace of protection.
Casting: Shock (safe; 17% risk of failure)
Confirm with . or Enter, or press ? or * to list all spells.
Okay, then.
Casting: Shock (safe; 17% risk of failure)
Confirm with . or Enter, or press ? or * to list all spells.
Okay, then.
Aiming: Shock (safe; 17% risk of failure)
Press: ? - help, Q - select action, (/) - cycle Shift-Dir - straight line, f - orc, p - orc
Aim: an orc, wielding a +0 short sword and quivering boomerangs (68% to hit)
The zap hits the orc wizard.
The orc wizard is moderately wounded.
The zap hits the orc priest.
The orc priest is lightly wounded.
The zap hits the orc.
The orc is lightly wounded.
The orc priest mumbles some strange prayers to Beogh against you.
Beogh smites you!
* * * LOW HITPOINT WARNING * * *
The orc wizard hits you with a +0 dagger.
* * * LOW HITPOINT WARNING * * *
The orc hits you but does no damage. The orc hits you with a +0 mace.
* * * LOW HITPOINT WARNING * * *
Aiming: Shock (safe; 17% risk of failure)
Press: ? - help, Q - select action, (/) - cycle Shift-Dir - straight line, f/p - orc
Aim: an orc, wielding a +0 short sword and quivering boomerangs (lightly wounded, 68% to hit)
You miscast Shock.
You are very lightly contaminated with residual magic.
Nothing appears to happen.
The orc barely misses you. The orc closely misses you.
Aiming: Shock (safe; 17% risk of failure)
Press: ? - help, Q - select action, (/) - cycle Shift-Dir - straight line, f/p - orc
Aim: an orc, wielding a +0 short sword and quivering boomerangs (lightly wounded, 68% to hit)
The zap hits the orc.
The orc is severely wounded.
The orc wizard barely misses you.
The orc priest looks braver for a moment.
The orc hits you but does no damage.
The orc hits you with a +0 mace of protection.
You die...

###.....[..##.#
###..##....#.#.#..# #.
....###.....#.##..## #..
##...##......##....##..:
.†...#..........?.....
.##..................
>##.##.......# ...o#
###.##......#.##oo# .#
#.##.....#.#.#@o#.#
#.##.....##.#).o.#.#
#.##....#.##......#
#.#....#)#..........#
#.#....##............#
....#.#...............
#....#.................
....####.####...######>.
.#.. .... ...## #.


You could see an orc priest, an orc wizard and 3 orcs.

Vanquished Creatures
  Robin (D:2)
  3 adders
  2 worms (D:2)
  A dart slug (D:3)
  3 orcs (D:3)
  3 endoplasms
  3 giant cockroaches
  12 goblins
  10 hobgoblins
  4 jackals (D:2)
  3 quokkas
  4 ball pythons
  5 bats
  3 frilled lizards
  5 kobolds
  4 rats
66 creatures vanquished.

Notes
Turn   | Place    | Note
-------+----------+-------------------------------------------
     0 | D:1      | mtoz the Gnoll Wanderer began the quest for the Orb.
     0 | D:1      | mtoz set off with the following items: a +2 sling, a piece
                  | from Xom's chessboard (15/15), a scroll of fear, a +0
                  | leather armour; and the following spell memorised: Shock;
                  | and the following spells available to memorise: Dazzling
                  | Flash.
     0 | D:1      | Reached XP level 1. HP: 13/13 MP: 8/8
   181 | D:1      | Found a faded altar of an unknown god.
   294 | D:1      | Reached XP level 2. HP: 19/19 MP: 10/10
   833 | D:1      | Prayed at the altar of an unknown god.
   833 | D:1      | Became a worshipper of Ru the Awakened
   869 | D:1      | Gained mutation: You cannot be stealthy. [Ru sacrifice]
   996 | D:2      | Reached XP level 3. HP: 25/25 MP: 0/11
  1358 | D:2      | Reached skill level 1 in Invocations
  1561 | D:2      | Noticed Robin
  1567 | D:2      | Reached skill level 1 in Fighting
  1567 | D:2      | Reached skill level 1 in Short Blades
  1567 | D:2      | Reached skill level 1 in Long Blades
  1567 | D:2      | Reached skill level 1 in Axes
  1567 | D:2      | Reached skill level 1 in Maces & Flails
  1567 | D:2      | Reached skill level 1 in Polearms
  1567 | D:2      | Reached skill level 1 in Staves
  1567 | D:2      | Reached skill level 1 in Throwing
  1567 | D:2      | Reached skill level 1 in Armour
  1567 | D:2      | Reached skill level 1 in Dodging
  1567 | D:2      | Reached skill level 1 in Shields
  1567 | D:2      | Reached skill level 1 in Unarmed Combat
  1978 | D:2      | Found Qakkodim's General Store.
  1988 | D:2      | Bought a scroll of identify for 22 gold pieces
  1988 | D:2      | Bought a scroll of teleportation for 33 gold pieces
  2029 | D:2      | Reached XP level 4. HP: 29/32 MP: 11/13
  2115 | D:2      | Killed Robin
  2116 | D:2      | Reached skill level 1 in Hexes
  2116 | D:2      | Reached skill level 1 in Summonings
  2116 | D:2      | Reached skill level 1 in Necromancy
  2116 | D:2      | Reached skill level 1 in Translocations
  2116 | D:2      | Reached skill level 1 in Transmutations
  2116 | D:2      | Reached skill level 1 in Fire Magic
  2116 | D:2      | Reached skill level 1 in Ice Magic
  2116 | D:2      | Reached skill level 1 in Air Magic
  2116 | D:2      | Reached skill level 1 in Earth Magic
  2116 | D:2      | Reached skill level 1 in Poison Magic
  2377 | D:3      | Reached XP level 5. HP: 37/37 MP: 14/14
  2403 | D:3      | Slain by an orc

Illustrated notes

Levels and vault maps discovered:
D:1:      heliophobic_arrival_enchanted_forest, layout_loops_ring,
          hellmonk_ecumenical_altar_blasted
D:2:      minmay_chambers_of_twos, layout_basic, serial_shops,
          nicolae_shop_hallway_plus, uniq_robin
D:3:      layout_rooms, nzn_wu_jian_contemplation,
          lemuel_zombie_altar_yredelemnul, minmay_misc_feat_secret_circle,
          uniq_grinder

Skill      XL: |  1  2  3  4 |
---------------+-------------+-----
Conjurations   | 2 |  2.3
Invocations    | 1 |  1.5
Fighting       | 1 |  1.4
Short Blades   | 1 |  1.4
Long Blades    | 1 |  1.4
Axes           | 1 |  1.4
Maces & Flails | 1 |  1.4
Polearms       | 1 |  1.4
Staves         | 1 |  1.4
Throwing       | 1 |  1.4
Armour         | 1 |  1.4
Dodging        | 1 |  1.4
Shields        | 1 |  1.4
Unarmed Combat | 1 |  1.4
Hexes          | 1 |  1.1
Summonings     | 1 |  1.1
Necromancy     | 1 |  1.1
Translocations | 1 |  1.1
Transmutations | 1 |  1.1
Fire Magic     | 1 |  1.1
Ice Magic      | 1 |  1.1
Air Magic      | 1 |  1.1
Earth Magic    | 1 |  1.1
Poison Magic   | 1 |  1.1
Ranged Weapons | |  8.6
Spellcasting   | |  7.2
Evocations     | |  4.7

Action                   |  1- 3 |  4- 6 || total
-------------------------+-------+-------++-------
 Fire: Sling             |    95 |    70 ||   165
Throw: Dart              |    14 |       ||    14
 Cast: Shock             |    39 |     2 ||    41
Invok: Sacrifice Stealth |     1 |       ||     1
  Use: Scroll            |     3 |       ||     3
Armor: Leather armour    |    18 |       ||    18
       Ring mail         |    12 |    12 ||    24
Dodge: Dodged            |    46 |    12 ||    58
